 Dungeon Crawl Stone Soup version 0.22.1-2-g9c5b331383 (webtiles) character file.

1288 Peloso the Slasher (level 8, 0/69 (70) HPs)
             Began as a Minotaur Fighter on Dec 20, 2018.
             Was a Follower of Okawaru.
             Splashed by a brown ugly thing's acid (9 damage)
             ... on level 6 of the Dungeon.
             The game lasted 00:08:39 (4869 turns).

Peloso the Slasher (Minotaur Fighter)               Turns: 4869, Time: 00:08:39

HP:   0/69 (70)     AC:  0    Str: 22    XL:     8   Next: 30%
MP:   0/7           EV: 15    Int:  5    God:    Okawaru [*.....]
Gold: 321           SH: 12    Dex: 16    Spells: 7/7 levels left

rFire    . . .     SeeInvis .   a - +0 long sword
rCold    . . .     Gourm    .   c - +1 shield
rNeg     . . .     Faith    .   b - +0 scale mail
rPois    .         Spirit   +   (helmet restricted)
rElec    .         Reflect  .   (no cloak)
rCorr    .         Harm     .   (no gloves)
MR       .....                  (no boots)
Stlth    +.........             w - amulet of guardian spirit
HPRegen  0.21/turn              (no ring)
MPRegen  0.10/turn              (no ring)

@: agile, corroded
A: retaliatory headbutt, horns 2
a: Heroism, Renounce Religion


You were on level 6 of the Dungeon.
You worshipped Okawaru.
Okawaru was aware of your devotion.
You were hungry.

You visited 2 branches of the dungeon, and saw 7 of its levels.

You collected 321 gold pieces.

Inventory:

Hand Weapons
 a - a +0 long sword (weapon)
Armour
 b - a +0 scale mail (worn)
 c - a +1 shield (worn)
Jewellery
 w - an amulet of guardian spirit (around neck)
Wands
 k - a wand of iceblast (8)
Scrolls
 e - 5 scrolls of remove curse
 h - 2 scrolls of amnesia {unknown}
 i - a scroll of enchant weapon {unknown}
 j - 2 scrolls of immolation {unknown}
 n - 3 scrolls of teleportation {unknown}
 o - a scroll of magic mapping {unknown}
 q - 2 scrolls of enchant armour
 s - 2 scrolls of fear {unknown}
 y - 2 scrolls of identify
Potions
 d - a potion of might
 g - 3 potions of curing
 l - 3 potions of haste
 m - 2 potions of mutation
 r - a potion of magic
 t - 2 potions of lignification {unknown}
 u - a potion of brilliance {unknown}
 v - a potion of heal wounds {unknown}
 x - a potion of flight {unknown}
Comestibles
 f - 8 rations


   Skills:
 + Level 5.9 Fighting
 + Level 7.2 Long Blades
 + Level 6.9 Armour
 + Level 2.9 Dodging
 + Level 0.6 Stealth
 + Level 6.3 Shields


You had 7 spell levels left.
You didn't know any spells.
Your spell library contained the following spells:

 Spells                   Type           Power        Failure   Level  Hunger
 Magic Dart               Conj           #...         98%         1    ##.....
 Blink                    Tloc           N/A          99%         2    ###....
 Call Imp                 Summ           #.......     99%         2    ###....
 Slow                     Hex            #.......     99%         2    ###....
 Conjure Flame            Conj/Fire      #.......     100%        3    ####...
 Mephitic Cloud           Conj/Pois/Air  #.......     100%        3    ####...


Dungeon Overview and Level Annotations

Branches:
Dungeon (6/15)             Temple (1/1) D:4

Altars:
Cheibriados
Dithmenos
Hepliaklqana
Makhleb
Okawaru
Ru
Sif Muna
Uskayaw
Wu Jian
Xom
Yredelemnul
Zin
The Shining One

Annotations:
D:3 2 runed doors, SpaceYeku's ghost, weakling DECj


Innate Abilities, Weirdness & Mutations

You reflexively headbutt those who attack you in melee.
You have a pair of horns on your head.


Message History

The brown ugly thing is heavily wounded.
The brown ugly thing tail-slaps you! The acid corrodes you!
You are splashed with acid!
The acid burns!
You hit the brown ugly thing.
The brown ugly thing is heavily wounded.
The brown ugly thing tail-slaps you!
You are splashed with acid!
The acid burns!
* * * LOW HITPOINT WARNING * * *
You completely miss the brown ugly thing.
The brown ugly thing is heavily wounded.
The brown ugly thing barely misses you.
You hit the brown ugly thing.
The brown ugly thing is heavily wounded.
You block the brown ugly thing's attack.
You hit the brown ugly thing.
The brown ugly thing is severely wounded.
The brown ugly thing tail-slaps you!
* * * LOW HITPOINT WARNING * * *
The acid corrodes you!
You are splashed with acid!
The acid burns!
You die...

#..#.#.#.#.###.......#..
#.........# ##......#..
#.#.#.#.#.# ##.....#..
#.........# ##...#.....
######..#####....#.###.
#...####.....#.....
#.###.....#.....#..
####.##......#.###.#..
#####....@u......#.....#..
#.....##.##...#.....#.....
#.###.##.##...#.###.#.###.
#.....##......#.....#.....
###########......#.....#..
#...# ###..###.#.###.#..
#.#.# ........#.....#..
#.#.# ##...#.....#.....
#.#.# #...#.###)#[###.


You could see a brown ugly thing.

Vanquished Creatures
  Grinder (D:5)
  A hungry ghost (D:4)
  A water moccasin (D:6)
  An ice beast (D:5)
  A centaur (D:5)
  An ogre (D:4)
  A necrophage (D:6)
  A bullfrog (D:6)
  A scorpion (D:6)
  A howler monkey (D:4)
  A quasit (D:5)
  A bullfrog skeleton (D:6)
  A centaur skeleton (D:6)
  A hound (D:4)
  2 orc wizards (D:3)
  7 adders
  A howler monkey skeleton (D:5)
  2 shadow imps (D:5)
  An ooze (D:1)
  An adder skeleton (D:6)
  2 worms
  2 dart slugs (D:1)
  3 leopard geckos
  12 orcs
  A ball python (D:3)
  6 bats
  4 giant cockroaches
  8 goblins
  7 hobgoblins
  4 jackals
  7 frilled lizards
  5 kobolds
  A quokka zombie (D:6)
  9 rats
99 creatures vanquished.

Vanquished Creatures (others)
  A hobgoblin (D:1)
1 creature vanquished.

Grand Total: 100 creatures vanquished

Notes
Turn   | Place    | Note
-------+----------+-------------------------------------------
     0 | D:1      | Peloso the Minotaur Fighter began the quest for the Orb.
     0 | D:1      | Reached XP level 1. HP: 19/19 MP: 0/0
   219 | D:1      | Reached XP level 2. HP: 26/26 MP: 1/1
   433 | D:1      | Reached XP level 3. HP: 33/33 MP: 2/2
  1566 | D:3      | Reached skill level 3 in Long Blades
  1566 | D:3      | Reached XP level 4. HP: 40/40 MP: 3/3
  1653 | D:3      | Found a large runed door.
  1653 | D:3      | Found a large runed door.
  1663 | D:3      | Noticed SpaceYeku's ghost (weakling DECj)
  1944 | D:3      | Reached skill level 4 in Long Blades
  1944 | D:3      | Reached XP level 5. HP: 46/46 MP: 4/4
  2014 | D:3      | Found a glowing golden altar of the Shining One.
  2313 | D:4      | Noticed an ogre
  2401 | D:4      | Noticed a hungry ghost
  2439 | D:4      | Killed a hungry ghost
  2439 | D:4      | Reached skill level 5 in Armour
  2439 | D:4      | Reached skill level 1 in Dodging
  2439 | D:4      | Reached skill level 5 in Shields
  2439 | D:4      | Reached XP level 6. HP: 34/53 MP: 5/5
  2692 | D:4      | Reached skill level 5 in Long Blades
  2995 | D:4      | Found a staircase to the Ecumenical Temple.
  3018 | Temple   | Entered the Ecumenical Temple
  3037 | Temple   | Became a worshipper of Warmaster Okawaru
  3252 | D:5      | Entered Level 5 of the Dungeon
  3355 | D:5      | Noticed Grinder
  3643 | D:5      | Paralysed by Grinder for 6 turns
  3658 | D:5      | Paralysed by Grinder for 3 turns
  3665 | D:5      | Killed Grinder
  3665 | D:5      | Reached skill level 5 in Fighting
  3665 | D:5      | Reached XP level 7. HP: 44/61 MP: 6/6
  3687 | D:5      | Reached skill level 6 in Long Blades
  4020 | D:5      | Reached * piety under Okawaru
  4325 | D:6      | Noticed a brown ugly thing
  4485 | D:6      | Reached XP level 8. HP: 65/68 MP: 7/7
  4501 | D:6      | Reached skill level 7 in Long Blades
  4869 | D:6      | Splashed by a brown ugly thing's acid

Skill      XL: |  1  2  3  4  5  6  7  8 |
---------------+-------------------------+-----
Armour         | 4 5 6 |  6.9
Shields        | 4 5 6 |  6.3
Fighting       | 4 5 |  5.9
Long Blades    | 3 4 5 6 7 |  7.2
Dodging        | 1 2 |  2.9
Stealth        | |  0.6

Action                   |  1- 3 |  4- 6 |  7- 9 || total
-------------------------+-------+-------+-------++-------
Melee: Long sword        |    75 |   121 |    82 ||   278
       Headbutt          |    14 |    19 |    16 ||    49
  Use: Scroll            |       |       |     6 ||     6
       Potion            |       |       |     1 ||     1
  Eat: Chunk             |     2 |     3 |     2 ||     7
       Ration            |       |     3 |       ||     3
Armor: Scale mail        |    38 |    35 |    39 ||   112
Dodge: Dodged            |    24 |    30 |    32 ||    86
Block: Shield            |    26 |    63 |    50 ||   139
       Rpst.: Long sword |     3 |    11 |    12 ||    26
